 Dungeon Crawl Stone Soup version 0.20-a0-927-g1ae2c61 (webtiles) character file.

36 Hasart the Cudgeler (level 3, 0/19 HPs)
             Began as a Vine Stalker Berserker on Mar 29, 2017.
             Was a Follower of Trog.
             Succumbed to a worker ant's poison
             ... on level 3 of the Dungeon.
             The game lasted 00:03:16 (1773 turns).

Hasart the Cudgeler (Vine Stalker Berserker)        Turns: 1773, Time: 00:03:17

Health: 0/19       AC:  5    Str: 20    XL:     3   Next: 37%
Magic:  3/4        EV:  8    Int:  7    God:    Trog [*.....]
Gold:   70         SH:  8    Dex: 13    Spells: 2/2 levels left

rFire    . . .     SeeInvis .   j - -1 mace (curse)
rCold    . . .     Gourm    .   g - +0 shield
rNeg     . . .     Faith    .   d - +0 ring mail
rPois    .         Spirit   +   (no helmet)
rElec    .         Reflect  .   (no cloak)
rCorr    .         Harm     .   (no gloves)
MR       .....                  (no boots)
Stlth    +.........             (no amulet)
Regen    0.1/turn               o - ring of flight
MPRegen  0.1/turn               (no ring)

@: lethally poisoned (0 -> -12)
A: fangs 2, magic shield, antimagic bite, no potion heal 3, rot immunity
a: Berserk, Burn Spellbooks, Renounce Religion, Evoke Flight


You were on level 3 of the Dungeon.
You worshipped Trog.
Trog was aware of your devotion.
You were hungry.

You visited 1 branch of the dungeon, and saw 3 of its levels.

You collected 70 gold pieces.

Inventory:

Hand Weapons
 a - a +0 mace
 j - a cursed -1 mace (weapon)
Armour
 d - a +0 ring mail (worn)
 g - a +0 shield (worn)
Jewellery
 o - a ring of flight (left hand)
Scrolls
 e - a scroll of recharging {unknown}
 l - a scroll of amnesia {unknown}
 q - a scroll of remove curse {unknown}
 r - 2 scrolls of identify
Potions
 b - a potion of curing {unknown}
 h - a potion of heal wounds {unknown}
 i - 2 potions of flight
 m - a potion of degeneration {unknown}
 p - a potion of haste {unknown}
 s - 2 potions of agility {unknown}
Comestibles
 c - 2 bread rations
 f - 2 royal jellies
 k - 3 fruits
 n - a meat ration


   Skills:
 + Level 2.8 Fighting
 * Level 3.2 Maces & Flails
 + Level 2.0 Armour
 + Level 1.7 Dodging
 + Level 0.8 Shields


You had 2 spell levels left.
You didn't know any spells.

Dungeon Overview and Level Annotations

Branches:
Dungeon (3/15)

Altars:


Innate Abilities, Weirdness & Mutations

You have extremely sharp teeth.
When hurt, damage is shared between your health and your magic reserves.
Your bite disrupts and absorbs the magic of your enemies.
Potions cannot restore your health.
You are immune to rotting.


Message History

You barely miss the worker ant.
The worker ant is severely wounded.
The worker ant bites you.
* * * LOW HITPOINT WARNING * * *
You are more poisoned.
The worker ant poisons you!
You closely miss the worker ant. You bite the worker ant. You drain its power.
The worker ant is severely wounded.
* * * LOW HITPOINT WARNING * * *
You feel sick. The worker ant bites you.
* * * LOW HITPOINT WARNING * * *
You block the worker ant's attack.
You barely miss the worker ant.
You bite the worker ant, but do no damage.
The worker ant is severely wounded.
* * * LOW HITPOINT WARNING * * *
You feel sick. You block the worker ant's attack.
You hit the worker ant.
The worker ant is almost dead.
You die...

####..##.###########.#.#
##.##.# ..........#
#.##.# #######.###
#..#.# #........# ##.#.#
#......#.# #...#
########.## ###..###
#..... #......# #.#.##
#..@...# #...# #..a...#
#.### #...>..# ###
#......# ## #......# #.
#......# #. #......# #.
#......# #. #.


You could see a worker ant.

Vanquished Creatures
  A worm (D:2)
  A leopard gecko (D:2)
  A bat (D:2)
  2 giant cockroaches (D:2)
  5 goblins
  3 hobgoblins (D:2)
  2 jackals (D:2)
  3 kobolds
  3 quokkas
  4 frilled lizards
  4 rats
29 creatures vanquished.

Vanquished Creatures (others)
  An adder (D:2)
1 creature vanquished.

Grand Total: 30 creatures vanquished

Notes
Turn   | Place    | Note
-------+----------+-------------------------------------------
     0 | D:1      | Hasart the Vine Stalker Berserker began the quest for the Orb.
     0 | D:1      | Reached XP level 1. HP: 11/11 MP: 2/2
   426 | D:2      | Reached XP level 2. HP: 10/16 MP: 1/3
   679 | D:2      | Reached skill level 3 in Maces & Flails
  1134 | D:2      | Reached XP level 3. HP: 12/19 MP: 2/4
  1773 | D:3      | Succumbed to a worker ant's poison

Vault maps used:
D:1:      dpeg_arrival_arbitrary_a
D:2:      first_bread, lemuel_old_faithful
D:3:      nicolae_dithmenos_shadow_blocks, uniq_robin, uniq_jessica

Skill      XL: |  1  2  3 |
---------------+----------+-----
Maces & Flails | 3 |  3.2
Armour         | 2 |  2.0
Fighting       | |  2.8
Dodging        | |  1.7
Shields        | |  0.8

Action                   || total
-------------------------++-------
Melee: Mace              ||   119
       Bite              ||    31
  Use: Scroll            ||     1
  Eat: Chunk             ||     2
Armor: Ring mail         ||    40
Dodge: Dodged            ||    40
Block: Shield            ||    49
